Map: 캑터스 밸리 - 래더 (공허)

Players

IntoTheSnagi

  • Race: Terran Terran
  • League: Master
  • Spawn Location: 7:00

TREVI - Winner!

  • Race: Protoss Protoss
  • League: Grandmaster
  • Spawn Location: 1:00

VOD

Have the link to the VOD?

Description

Time

  • Played on: March 11, 2017, 3:16 p.m.
  • Length: 19:48
Show
View Real Time Build Order
Export as new Build Order

IntoTheSnagi Terran 

Build Orders: Reaper Expand, MMM Bio 

Get SALT Encoding   

  12  0:01  SCV  
  13  0:13  SCV  
  14  0:17  Supply Depot  
  14  0:25  SCV  
  15  0:31  Refinery  
  15  0:38  SCV  
  16  0:44  Barracks  
  16  0:50  SCV  
  17  1:02  SCV  
  18  1:15  SCV  
  19  1:31  Orbital Command, Reaper  
  20  1:44  Command Center  
  20  1:56  SCV  
  21  2:02  Factory  
  21  2:08  Barracks Reactor  
  21  2:09  SCV  
  21  2:14  Supply Depot  
  22  2:21  SCV  
  23  2:35  SCV  
  24  2:39  Refinery  
  24  2:47  Starport, SCV  
  29  2:51  Hellion x2  
  29  2:56  Marine  
  30  2:59  Orbital Command  
  30  3:00  SCV  
  31  3:12  SCV  
  31  3:13  Widow Mine x2  
  31  3:16  Marine  
  36  3:23  Viking  
  36  3:24  SCV  
  36  3:26  SCV  
  40  3:35  Supply Depot  
  40  3:36  SCV  
  40  3:38  SCV  
  40  3:48  SCV  
  40  3:50  SCV  
  40  3:51  Marine x2  
  40  3:53  Factory Tech Lab  
  42  4:00  SCV  
  42  4:02  SCV  
  44  4:03  Supply Depot  
  44  4:11  Marine x2  
  44  4:13  SCV  
  44  4:14  SCV  
  44  4:15  Starport Reactor  
  48  4:19  Engineering Bay  
  48  4:21  Supply Depot  
  48  4:22  Factory Reactor  
  48  4:25  SCV  
  48  4:27  SCV  
  48  4:28  Marine  
  48  4:29  Marine  
  45  4:37  SCV  
  44  4:39  SCV  
  44  4:49  SCV  
  44  4:50  Barracks  
  44  4:51  SCV  
  44  4:52  Barracks  
  46  4:57  Marine  
  45  5:01  SCV  
  45  5:03  SCV  
  47  5:08  Starport Reactor  
  47  5:09  Factory Reactor  
  47  5:10  Stimpack  
  47  5:13  SCV  
  48  5:14  Terran Infantry Weapons Level 1  
  48  5:15  SCV  
  48  5:16  Marine  
  50  5:24  Refinery  
  50  5:25  SCV  
  50  5:27  SCV  
  52  5:31  Command Center  
  52  5:36  Marine  
  52  5:37  SCV  
  52  5:41  Marine x2  
  52  5:42  SCV  
  57  5:45  Widow Mine  
  57  5:47  Barracks, Widow Mine  
  57  5:48  Barracks  
  57  5:49  Marine x2  
  62  5:53  Marine  
  62  5:56  Medivac  
  66  5:57  Medivac  
  66  6:00  Marine  
  66  6:02  Marine  
  67  6:05  SCV x2  
  67  6:07  Marine  
  69  6:12  Refinery  
  69  6:13  Supply Depot, Marine  
  69  6:14  Supply Depot  
  70  6:22  Marine  
  70  6:34  Marine, Widow Mine x2  
  70  6:35  Medivac x2, Marine x3, Barracks Tech Lab  
  70  6:38  SCV x2  
  84  6:40  Marine x2  
  84  6:44  Orbital Command  
  84  6:45  Marine  
  87  6:52  Marine  
  90  6:54  Marauder  
  90  6:56  Combat Shields  
  90  6:58  Marine x2  
  90  7:00  Marine  
  93  7:01  Marine  
  93  7:05  Medivac x2  
  93  7:06  Marauder, Marine  
  101  7:13  Marine  
  101  7:14  Terran Infantry Armor Level 1  
  101  7:15  Orbital Command  
  101  7:16  Marine x2  
  101  7:17  Marine  
  101  7:18  Marine  
  105  7:24  Widow Mine x2  
  105  7:27  Supply Depot  
  109  7:30  Supply Depot  
  109  7:34  Marine  
  109  7:41  Ghost Academy  
  109  7:49  Marauder, SCV x2, Marine x3  
  109  7:50  SCV  
  117  7:52  Marauder  
  117  7:54  Marine x2  
  117  8:01  SCV, Marine  
  117  8:02  SCV  
  117  8:03  SCV  
  117  8:05  Medivac, Widow Mine  
  117  8:06  Widow Mine  
  117  8:08  Medivac  
  117  8:11  Marauder  
  125  8:15  Armory  
  125  8:17  Supply Depot  
  125  8:23  Supply Depot  
  124  8:27  Supply Depot  
  124  8:28  Supply Depot  
  124  8:30  Concussive Shells  
  124  8:32  SCV  
  125  8:39  Marauder, SCV x2, Marine x5  
  132  8:42  Marauder, Liberator, Marine  
  132  8:43  Liberator  
  132  8:44  SCV  
  120  8:54  Orbital Command  
  110  8:57  Marine x5  
  110  9:00  Marine  
  110  9:01  Marauder  
  112  9:03  Marauder  
  113  9:14  Marine x4  
  117  9:18  Marine  
  117  9:21  SCV  
  117  9:22  Marauder  
  117  9:24  Ghost  
  122  9:25  Liberator  
  122  9:27  SCV, Engineering Bay  
  122  9:28  SCV  
  125  9:32  Marine x2  
  125  9:36  Widow Mine x2  
  131  9:42  Supply Depot, SCV  
  131  9:43  Marine  
  131  9:44  Marine  
  137  9:46  SCV  
  137  9:48  SCV  
  139  9:53  Terran Infantry Weapons Level 2  
  139  9:56  Terran Infantry Armor Level 2  
  139  10:03  Ghost  
  141  10:08  Liberator, Widow Mine x2  
  141  10:09  Marine x2  
  141  10:12  Marauder, Marine  
  150  10:16  Marine x2  
  150  10:17  Marine  
  154  10:35  Marine  
  154  10:36  Marauder  
  154  10:38  Marine  
  154  10:39  Marine x2  
  154  10:40  Marauder, Marine  
  154  10:41  Marine  
  153  10:43  SCV  
  153  10:45  SCV  
  155  10:55  Marine  
  155  10:56  Marine  
  155  10:57  Marauder, Widow Mine  
  157  11:00  Widow Mine  
  157  11:02  Marauder  
  165  11:04  SCV x2  
  165  11:06  Marine  
  165  11:09  Marine x2  
  169  11:11  Marine  
  169  11:15  Marine  
  169  11:16  Marine  
  172  11:23  Marine  
  172  11:24  Marine  
  172  11:25  Supply Depot  
  172  11:26  Marauder  
  160  11:33  Marine  
  146  11:41  Marauder, Marine x2  
  146  11:46  Marine x2  
  138  11:48  Marine  
  138  11:53  Marine  
  131  11:57  SCV x2  
  131  12:01  Marine  
  122  12:17  Marine x2  
  122  12:18  Marauder, Marine x2  
  123  12:25  Marine  
  123  12:26  Marauder  
  123  12:28  Marine  
  116  12:35  Marine  
  101  12:39  Marauder  
  101  12:40  Marine  
  101  12:42  Marine  
  94  12:46  SCV x2  
  86  12:51  Marine  
  86  12:52  Marauder  
  86  12:57  Marine x2  
  83  13:04  Marauder, Marine  
  83  13:05  Marine  
  87  13:13  SCV x2, Marine  
  87  13:14  Marauder, Marine  
  87  13:19  Marine  
  94  13:20  Marine  
  94  13:25  Marauder, SCV x2, Marine  
  99  13:35  Orbital Command  
  99  13:36  Marine x2, Viking x2  
  99  13:39  Marine  
  105  13:41  Marine  
  105  13:43  Marine  
  105  13:44  Marauder  
  105  13:45  Marine  
  106  13:51  Marine  
  106  13:54  Marine  
  97  13:59  Marine x2  
  97  14:01  Terran Infantry Armor Level 3  
  97  14:04  Marine  
  97  14:05  Marauder, Marine  
  97  14:08  Marine  
  97  14:09  Marauder  
  103  14:17  Viking  
  103  14:21  Marine  
  103  14:22  Marine  
  105  14:25  SCV  
  105  14:28  Marine x2  
  105  14:31  SCV  
  109  14:32  Marine x2  
  109  14:34  Marine  
  112  14:39  Marauder  
  112  14:41  Marine  
  112  14:42  Marine  
  116  14:45  Marine  
  116  14:47  Marine  
  116  14:50  Viking  
  120  14:55  Marine, Viking  
  120  14:58  Marine  
  124  15:03  Marauder, Marine  
  111  15:10  Marine  
  111  15:11  Marauder, Marine  
  102  15:22  Viking  
  102  15:24  Marine x2  
  102  15:25  Starport, Marauder  
  108  15:29  Viking  
  108  15:32  Marauder  
  108  15:34  Marine x2  
  114  15:40  Barracks Tech Lab  
  114  15:42  Barracks, SCV x2  
  116  15:46  Marauder  
  118  15:50  Marine x2  
  118  15:52  Terran Infantry Weapons Level 3  
  120  16:00  Marine, Viking  
  120  16:01  Marauder x2, Marine  
  128  16:06  Viking  
  128  16:07  Marine  
  130  16:11  Viking  
  130  16:14  Viking  
  134  16:20  Marine  
  134  16:21  Marine  
  134  16:22  Marauder x2, Marine  
  134  16:24  Marine  
  136  16:33  Barracks Tech Lab  
  136  16:34  Missile Turret  
  112  16:51  Viking x3  
  100  16:57  Missile Turret  
  100  17:01  Missile Turret, Marine  
  100  17:07  Viking  
  102  17:14  Ghost  
  104  17:19  Marauder  
  99  17:30  Ghost  
  99  17:33  Marine  
  99  17:34  Marine  
  103  17:37  Marine  
  103  17:39  Marine  
  104  17:44  Marine  
  104  17:45  Marauder  
  107  17:55  Marauder, Marine x2  
  110  18:00  Marauder  
  110  18:03  Viking x2  
  114  18:11  Marine  
  114  18:12  Marauder  
  110  18:15  Marine  
  103  18:21  Marauder, Marine  
  103  18:25  Marine  
  93  18:29  Marine  
  94  18:41  Marine  
  94  18:46  Marine  
  89  19:00  Marine x2  
  89  19:01  Marauder  
  74  19:03  Marine  
  74  19:09  Marine  
  72  19:14  Marine  
  68  19:18  Orbital Command  
Show
View Real Time Build Order
Export as new Build Order

TREVI Protoss - Winner!

Build Orders: 1 Gate Expand, Oracle Opening 

Get SALT Encoding   

  12  0:01  Probe (Chrono Boost)  
  13  0:11  Probe (Chrono Boost)  
  14  0:17  Pylon  
  14  0:22  Probe (Chrono Boost)  
  15  0:35  Probe (Chrono Boost)  
  16  0:37  Gateway  
  16  0:46  Probe (Chrono Boost)  
  16  0:47  Assimilator  
  17  0:56  Probe (Chrono Boost)  
  18  1:07  Probe (Chrono Boost)  
  19  1:18  Nexus  
  19  1:27  Cybernetics Core  
  19  1:31  Probe (Chrono Boost)  
  20  1:37  Assimilator  
  20  1:41  Probe (Chrono Boost)  
  20  1:46  Pylon  
  21  1:52  Probe (Chrono Boost)  
  22  2:01  Adept  
  22  2:04  Probe (Chrono Boost)  
  26  2:16  Stargate, Probe (Chrono Boost)  
  26  2:24  Adept  
  26  2:28  Probe (Chrono Boost)  
  29  2:30  Probe (Chrono Boost)  
  30  2:40  Probe (Chrono Boost)  
  30  2:41  Probe (Chrono Boost)  
  30  2:43  Warp Gate  
  32  2:50  Adept  
  33  2:51  Probe (Chrono Boost)  
  33  2:52  Probe (Chrono Boost)  
  33  2:58  Oracle  
  38  3:12  Probe (Chrono Boost)  
  38  3:13  Pylon  
  38  3:14  Probe (Chrono Boost)  
  39  3:24  Probe x2 (Chrono Boost)  
  41  3:36  Probe (Chrono Boost)  
  41  3:39  Pylon  
  42  3:45  Probe (Chrono Boost)  
  42  3:53  Probe (Chrono Boost)  
  44  3:55  Probe (Chrono Boost)  
  44  4:03  Adept  
  44  4:05  Nexus, Pylon  
  44  4:06  Mothership Core (Chrono Boost)  
  44  4:07  Phoenix  
  44  4:08  Probe (Chrono Boost)  
  51  4:21  Probe (Chrono Boost)  
  52  4:24  Probe (Chrono Boost)  
  51  4:32  Phoenix  
  51  4:36  Probe (Chrono Boost)  
  51  4:38  Probe (Chrono Boost)  
  55  4:40  Twilight Council, Forge  
  55  4:48  Probe x2 (Chrono Boost)  
  55  4:51  Pylon  
  57  4:53  Pylon  
  57  4:54  Assimilator x2  
  55  5:01  Phoenix  
  55  5:02  Protoss Ground Weapons Level 1, Probe (Chrono Boost)  
  55  5:04  Probe (Chrono Boost)  
  55  5:05  Resonating Glaives  
  57  5:11  Gateway  
  57  5:13  Gateway  
  57  5:14  Probe (Chrono Boost)  
  59  5:29  Phoenix  
  59  5:30  Probe x2 (Chrono Boost)  
  62  5:36  Adept  
  62  5:40  Probe (Chrono Boost)  
  62  5:42  Probe (Chrono Boost)  
  66  5:46  Gateway x2  
  66  5:47  Gateway  
  66  5:51  Phoenix  
  66  5:53  Probe x2 (Chrono Boost)  
  67  6:08  Probe x2 (Chrono Boost)  
  67  6:10  Robotics Facility  
  69  6:13  Adept x2, Phoenix  
  76  6:19  Probe (Chrono Boost)  
  76  6:20  Probe (Chrono Boost)  
  76  6:25  Gateway  
  77  6:28  Gateway  
  79  6:33  Probe x2 (Chrono Boost)  
  79  6:38  Phoenix  
  77  6:45  Adept x5  
  89  6:47  Protoss Ground Armor Level 1  
  89  6:50  Pylon  
  89  7:00  Adept  
  91  7:02  Observer  
  91  7:07  Adept x4  
  100  7:09  Pylon  
  100  7:17  Phoenix  
  100  7:19  Photon Cannon  
  102  7:23  Pylon  
  102  7:24  Pylon  
  102  7:25  Observer  
  102  7:29  Adept x5  
  113  7:39  Phoenix  
  115  7:44  Pylon  
  115  7:47  Observer  
  114  8:04  Photon Cannon  
  114  8:07  Adept x6  
  114  8:08  Adept x2  
  114  8:12  Blink  
  130  8:15  Observer  
  130  8:18  Probe x2 (Chrono Boost), Assimilator x2  
  133  8:36  Warp Prism  
  117  8:51  Phoenix  
  115  9:13  Phoenix, Probe (Chrono Boost)  
  118  9:19  Protoss Ground Weapons Level 2  
  118  9:25  Robotics Bay  
  118  9:27  Robotics Facility  
  118  9:49  Nexus, Sentry x2  
  118  9:50  Pylon x2, Stalker x3  
  118  9:52  Observer  
  129  10:02  Extended Thermal Lance  
  129  10:06  Colossus  
  136  10:14  Colossus  
  136  10:15  Probe (Chrono Boost)  
  142  10:32  Pylon  
  142  10:33  Adept x2  
  142  10:34  Assimilator  
  146  10:39  Assimilator  
  120  10:51  Forge  
  120  10:52  Pylon  
  120  10:53  Pylon, Colossus  
  120  10:56  Probe x3 (Chrono Boost)  
  127  11:04  Colossus  
  127  11:05  Stalker  
  127  11:06  Stalker x4  
  127  11:07  Adept x3  
  127  11:08  Probe (Chrono Boost)  
  144  11:11  Pylon  
  144  11:18  Pylon  
  150  11:19  Pylon  
  150  11:22  Pylon  
  150  11:23  Pylon  
  147  11:34  Adept x4  
  147  11:35  Adept  
  147  11:39  Colossus  
  130  11:48  Stalker x3  
  133  11:57  Adept x3  
  133  11:58  Adept x2  
  143  12:02  Mothership Core (Chrono Boost)  
  131  12:16  Stalker x3  
  127  12:23  Nexus  
  127  12:28  Stalker x4  
  123  12:41  Stalker x2  
  123  12:42  Stalker x2  
  109  12:56  Stalker x4  
  113  13:09  Probe x2 (Chrono Boost)  
  113  13:11  Adept  
  113  13:12  Adept x2  
  121  13:14  Adept  
  123  13:27  Pylon, Sentry x3  
  129  13:38  Adept x2  
  129  13:39  Adept  
  129  13:50  Adept x2  
  129  13:51  Adept  
  129  13:53  Protoss Ground Armor Level 2  
  129  13:55  Adept x2  
  131  13:56  Protoss Ground Weapons Level 3  
  131  14:10  Dark Shrine  
  129  14:19  Warp Prism  
  125  14:31  Templar Archives  
  125  14:37  Adept x2  
  125  14:38  Adept  
  131  14:39  Sentry  
  131  14:44  Stalker  
  131  14:45  Stalker x2  
  139  15:06  Adept x3  
  139  15:07  Adept x2  
  143  15:16  Probe (Chrono Boost)  
  142  15:25  High Templar x2  
  142  15:26  High Templar x2  
  151  15:29  Photon Cannon, Probe (Chrono Boost)  
  151  15:31  Assimilator  
  151  15:33  Archon x2  
  151  15:36  Assimilator  
  151  15:43  Immortal x2  
  158  15:57  Adept x3  
  164  16:08  Pylon x2  
  164  16:09  Pylon  
  162  16:21  Dark Templar  
  156  16:28  Adept x5  
  156  16:29  Dark Templar  
  160  16:34  Dark Templar  
  156  16:57  Nexus  
  156  17:00  Dark Templar x2  
  158  17:15  Pylon  
  158  17:18  Pylon  
  154  17:31  Stalker x3  
  154  17:32  High Templar x2, Stalker  
  154  17:36  Archon  
  166  17:38  Immortal  
  166  17:43  Immortal  
  174  17:50  Adept x2  
  167  18:14  Observer  
  146  18:35  Observer  
  146  18:38  Immortal  
  151  18:53  Nexus  
  139  19:09  Adept x3  
  139  19:34  Adept x5  
  139  19:37  Dark Templar  
Tags
 
Add a new tag
Caveats
  • Supply blocks, unpowered buildings, or Contaminate may cause inaccurate times.
  • Supply counts are checked every 10 seconds.